 Dungeon Crawl Stone Soup version 0.31-a0-259-g771a54ca4b (webtiles) character file.

Game seed: 3066535351754680028

89 qw the Shooter (level 4, 0/36 HPs)
             Began as a Minotaur Hexslinger on July 13, 2023.
             Slain by an adder (2 damage)
             ... on level 2 of the Dungeon.
             The game lasted 00:00:23 (930 turns).

qw the Shooter (Minotaur Hexslinger)                 Turns: 930, Time: 00:00:23

Health: 0/36       AC:  5    Str: 13    XL:     4   Next: 31%
Magic:  4/4        EV: 11    Int: 10    God:
Gold:   40         SH:  0    Dex: 14    Spells: 4/5 levels left

rFire   . . .        Y - +1 sling
rCold   . . .        (no shield)
rNeg    . . .        f - +0 ring mail
rPois   .            (helmet restricted)
rElec   .            (no cloak)
rCorr   .            (no gloves)
SInv    .            (no boots)
Will    .....        (no amulet)
Stlth   +            (no ring)
HPRegen 0.26/turn    (no ring)
MPRegen 0.09/turn

%: no passive effects
@: no status effects
A: horns 2, retaliatory headbutt
a: no special abilities


You were on level 2 of the Dungeon.
You visited 1 branch of the dungeon, and saw 2 of its levels.

You collected 40 gold pieces.


Innate Abilities, Weirdness & Mutations

You have a pair of horns on your head.
You reflexively headbutt those who attack you in melee.


   Skills:
 - Level 2.0 Fighting
 + Level 4.6 Ranged Weapons
 - Level 1.2 Armour
 - Level 2.1 Dodging
 - Level 1.0 Spellcasting
 - Level 2.0 Hexes


You had 4 spell levels left.
You knew the following spells:

 Your Spells              Type           Power      Damage    Failure   Level
a - Slow                  Hex            16%        N/A       32%         1

Your spell library contained the following spells:

 Spells                   Type           Power      Damage    Failure   Level
 Inner Flame              Hex/Fire       2%         N/A       82%         3
 Portal Projectile        Hex/Tloc       4%         N/A       82%         3
 Cause Fear               Hex            2%         N/A       97%         4

Inventory:

Hand Weapons
 Y - a +1 sling (weapon)
Armour
 f - a +0 ring mail (worn)
Potions
 a - a potion of magic {unknown}
 b - a potion of mutation {unknown}
 d - a potion of invisibility {unknown}
 j - a potion of attraction {unknown}

Dungeon Overview and Level Annotations

Branches:
Dungeon (2/15)

Altars:


Message History

The goblin is moderately wounded.
You feel sick. The goblin hits you but does no damage.
You shoot a sling bullet. The sling bullet hits the goblin!
You kill the goblin!
Your surroundings suddenly seem different.
A goblin comes into view. It is wielding a +0 club.
Found a mace.
Found a stone staircase leading down.
You feel sick.
The goblin shouts!
You hear an angry hiss.
An adder comes into view.
Enter note:
Enter note:
Enter note:
Enter note: You shoot a sling bullet.
The sling bullet closely misses the goblin.
You feel sick.
You are no longer poisoned.
A frilled lizard comes into view.
The goblin hits you but does no damage. The goblin barely misses you.
You furiously retaliate!
You headbutt the goblin. You shoot a sling bullet.
The sling bullet closely misses the goblin.
The sling bullet misses the adder.
The goblin closely misses you.
You shoot a sling bullet. The sling bullet hits the goblin.
You kill the goblin!
You shoot a sling bullet.
The sling bullet hits the adder but does no damage.
The adder closely misses you. x2
You shoot a sling bullet. The sling bullet misses the adder.
The adder bites you.
You shoot a sling bullet. The sling bullet hits the adder.
The adder is lightly wounded.
The adder completely misses you. The adder bites you.
The frilled lizard misses you.
You shoot a sling bullet. The sling bullet misses the adder.
The adder bites you but does no damage.
The frilled lizard bites you but does no damage.
The adder bites you.
You die...

#.. ...
.. ..
..##.#
##..#.##
#......#
#......#
#).Sl.>#
#..@...#
#......#
########


You could see an adder and a frilled lizard.

Vanquished Creatures
  Jessica (D:2)
  A gnoll (D:1)
  2 adders (D:2)
  A dart slug (D:1)
  4 endoplasms (D:1)
  4 giant cockroaches
  7 goblins
  4 hobgoblins
  A quokka (D:1)
  2 bats
  3 frilled lizards
  A kobold (D:1)
  A rat (D:2)
32 creatures vanquished.

Notes
Turn   | Place    | Note
-------+----------+-------------------------------------------
     0 | D:1      | qw the Minotaur Hexslinger began the quest for the Orb.
     0 | D:1      | Reached XP level 1. HP: 16/16 MP: 1/1
     0 | D:1      | 0 ||| qw: Version: 0.3-a-52-g30416fa
     0 | D:1      | 0 ||| qw: Game counter: 6851
     0 | D:1      | 0 ||| qw: Melee chars always use a shield: true
     0 | D:1      | 0 ||| qw: God list: Okawaru
     0 | D:1      | 0 ||| qw: Allow faded altars: false
     0 | D:1      | 0 ||| qw: Do Orc after clearing Dungeon:15 true
     0 | D:1      | 0 ||| qw: Do second Lair branch before Depths: true
     0 | D:1      | 0 ||| qw: Lair rune preference: random
     0 | D:1      | 0 ||| qw: Goals: Normal
     0 | D:1      | 0 ||| PLANNING D:1-11
    77 | D:1      | Reached skill level 3 in Ranged Weapons
    83 | D:1      | Reached XP level 2. HP: 23/23 MP: 2/2
   534 | D:1      | Reached XP level 3. HP: 19/29 MP: 3/3
   712 | D:1      | 712 ||| UPGRADING to +0 ring mail.
   722 | D:1      | 722 ||| DROPPING +0 robe.
   723 | D:1      | 723 ||| READING scroll labelled UTINNOMOUR.
   724 | D:1      | 724 ||| READING scroll labelled BETTAR JYITH.
   778 | D:1      | 778 ||| READING 2 scrolls labelled IBID DEDWUMEC.
   782 | D:1      | 782 ||| READING scroll labelled IRGHISMAUWK.
   783 | D:1      | 783 ||| DROPPING scroll of poison.
   848 | D:2      | Noticed Jessica
   851 | D:2      | Killed Jessica
   852 | D:2      | Reached skill level 4 in Ranged Weapons
   900 | D:2      | Reached XP level 4. HP: 36/36 MP: 4/4
   918 | D:2      | Reached skill level 1 in Armour
   920 | D:2      | HP: 9/36 [poisoned by an adder]
   921 | D:2      | 921 ||| READING scroll of teleportation.
   921 | D:2      | HP: 4/36 [poisoned by an adder]
   928 | D:2      | HP: 2/36 [adder (1)]
   930 | D:2      | Slain by an adder

Levels and vault maps discovered:
D:1:      minmay_arrival_four_houses, layout_basic, minivault_19
D:2:      layout_rooms, uniq_jessica

Skill      XL: |  1  2  3  4 |
---------------+-------------+-----
Ranged Weapons | 3 4 |  4.6
Fighting       | 2 |  2.0
Armour         | 1 |  1.2
Dodging        | |  2.1
Spellcasting   | |  1.0
Hexes          | |  2.0

Action                     |  1- 3 |  4- 6 || total
---------------------------+-------+-------++-------
   Fire: Sling             |    77 |    20 ||    97
    Use: Scroll            |     4 |     1 ||     5
 Armour: Robe              |     1 |       ||     1
         Ring mail         |     8 |    10 ||    18
  Dodge: Dodged            |    15 |    18 ||    33

Table legend:
 A = Non-vault XP
 B = Vault XP
 C = Vault XP percentage of total XP
 D = Non-vault monster count
 E = Vault monster count
 F = Vault count percentage of total count
                 A         B        C        D         E       F
            +---------+---------+-------+---------+---------+-------
      Total |      91 |      37 |  28.9 |      31 |       1 |   3.1
            +---------+---------+-------+---------+---------+-------
        D:1 |      44 |       0 |   0.0 |      17 |       0 |   0.0
        D:2 |      47 |      37 |  44.0 |      14 |       1 |   6.7
            +---------+---------+-------+---------+---------+-------
